 Dungeon Crawl Stone Soup version 0.29.1-1-gd02db6906a (webtiles) character file.

Game seed: 12020102642990504298

490 Marcotte the Slasher (level 7, 0/53 HPs)
             Began as a Human Fighter on Sept 15, 2022.
             Was an Initiate of Okawaru.
             Succumbed to a scorpion's poison
             ... on level 5 of the Dungeon.
             The game lasted 00:16:03 (6307 turns).

Marcotte the Slasher (Human Fighter)                Turns: 6307, Time: 00:16:04

Health: 0/53       AC: 10    Str: 18    XL:     7   Next: 36%
Magic:  7/7        EV: 24    Int:  9    God:    Okawaru [......]
Gold:   294        SH:  4    Dex: 12    Spells: 6/6 levels left

rFire   . . .      SeeInvis .   a - +0 long sword
rCold   . . .      Faith    .   c - +0 buckler
rNeg    . . .      Spirit   .   b - +2 scale mail
rPois   .          Reflect  .   l - +0 helmet
rElec   .          Harm     .   (no cloak)
rCorr   .          Rampage  .   (no gloves)
Will    .....                   (no boots)
Stlth   ..........              t - amulet of the acrobat
HPRegen 0.17/turn               (no ring)
MPRegen 0.10/turn               (no ring)

@: lethally poisoned (0 -> -11), acrobatic
A: no striking features
a: Renounce Religion


You were on level 5 of the Dungeon.
You worshipped Okawaru.
Okawaru was noncommittal.
You visited 1 branch of the dungeon, and saw 5 of its levels.

You collected 294 gold pieces.

Inventory:

Hand Weapons
 a - a +0 long sword (weapon)
 v - a +0 dagger of venom
Armour
 b - a +2 scale mail (worn)
 c - a +0 buckler (worn)
 l - a +0 helmet (worn)
Jewellery
 e - an amulet of faith
 t - an amulet of the acrobat (around neck)
Scrolls
 d - a scroll of blinking
 f - 2 scrolls of poison
 h - a scroll of amnesia
 q - 3 scrolls of teleportation
 r - a scroll of magic mapping {unknown}
 s - a scroll of fear {unknown}
 u - a scroll of butterflies {unknown}
 w - a scroll of identify
Potions
 g - a potion of haste {unknown}
 i - a potion of lignification


   Skills:
 + Level 3.9 Fighting
 + Level 4.8 Long Blades
 + Level 4.6 Armour
 + Level 1.9 Dodging
 + Level 1.4 Stealth
 + Level 3.7 Shields


You had 6 spell levels left.
You didn't know any spells.
Your spell library contained the following spells:

 Spells                   Type           Power      Damage    Failure   Level
 Portal Projectile        Hex/Tloc       0%         N/A       99%         3
 Leda's Liquefaction      Hex/Erth       0%         N/A       100%        4
 Fireball                 Conj/Fire      0%         3d3       100%        5
 Freezing Cloud           Conj/Ice/Air   0%         6-21      100%        5
 Starburst                Conj/Fire      0%         6d3       100%        6
 Ignition                 Fire           0%         3d3       100%        8
 Polar Vortex             Ice            0%         N/A       100%        9
 Call Canine Familiar     Summ           Unusable   N/A       N/A         3
 Simulacrum               Ice/Necr       Unusable   N/A       N/A         6

Dungeon Overview and Level Annotations

Branches:
Dungeon (5/15)
 Temple: D:4-7

Altars:
Elyvilon
Okawaru
Sif Muna


Message History

You hit the scorpion.
The scorpion is moderately wounded.
The scorpion stings you.
You are poisoned.
The scorpion poisons you!
You slash the scorpion!
The scorpion is severely wounded.
You feel very sick. The scorpion completely misses you.
You block the scorpion's attack.
You hit the scorpion but do no damage.
The scorpion is severely wounded.
You feel very sick. The scorpion stings you.
You are more poisoned.
The scorpion poisons you!
You hit the scorpion but do no damage.
The scorpion is severely wounded.
You feel very sick. The scorpion completely misses you.
You block the scorpion's attack.
You hit the scorpion but do no damage.
The scorpion is severely wounded.
You feel very sick. The scorpion stings you.
You are lethally poisoned!
The scorpion poisons you!
Unknown command.
There is a lethal amount of poison in your body!
Unknown command.
* * * LOW HITPOINT WARNING * * *
You feel very sick.
The scorpion stings you but does no damage.
The scorpion closely misses you.
You hit the scorpion.
You kill the scorpion!
Okawaru accepts your kill.
* * * LOW HITPOINT WARNING * * *
You feel very sick.
* * * LOW HITPOINT WARNING * * *
You feel very sick.
You die...

#......................<....#
#...........................#
#...........................#
#...........................#
#...........................#
#.....####+#................#
#.....# #................#
+................#
#....@..........
#...............
#...............
#.....†.........
##..............
#..............
#..............
#..............
#..............


There were no monsters in sight!

Vanquished Creatures
  An ogre (D:4)
  A scorpion (D:5)
  A howler monkey (D:4)
  A jelly (D:4)
  4 iguanas
  An orc wizard (D:4)
  6 adders
  A worm (D:2)
  A dart slug (D:4)
  7 orcs (D:4)
  8 bats
  10 endoplasms
  A giant cockroach (D:2)
  9 hobgoblins
  3 jackals (D:1)
  2 quokkas
  5 ball pythons
  2 frilled lizards
  12 goblins
  6 kobolds
  9 rats
91 creatures vanquished.

Notes
Turn   | Place    | Note
-------+----------+-------------------------------------------
     0 | D:1      | Marcotte the Human Fighter began the quest for the Orb.
     0 | D:1      | Reached XP level 1. HP: 18/18 MP: 1/1
    19 | D:1      | Found a faded altar of an unknown god.
   127 | D:1      | Reached XP level 2. HP: 20/24 MP: 2/2
   732 | D:1      | Reached XP level 3. HP: 25/29 MP: 3/3
  1650 | D:2      | Reached XP level 4. HP: 31/35 MP: 4/4
  1694 | D:2      | Identified the +2 robe "Foastias" {+Blink rN++ Stlth-}
  2399 | D:3      | Reached XP level 5. HP: 8/41 MP: 5/5
  2401 | D:3      | Reached skill level 1 in Dodging
  3613 | D:4      | Found an iron altar of Okawaru.
  3669 | D:4      | Became a worshipper of Warmaster Okawaru
  3803 | D:4      | Reached XP level 6. HP: 10/47 MP: 6/6
  4745 | D:4      | Noticed an ogre
  4787 | D:4      | Killed an ogre
  5286 | D:4      | Identified the +8 whip of Pain and Death {flame, Int+2
                  | Stlth+}
  5360 | D:4      | Reached skill level 1 in Stealth
  5360 | D:4      | Found a shimmering blue altar of Sif Muna.
  5571 | D:4      | Reached XP level 7. HP: 47/53 MP: 7/7
  6125 | D:5      | Entered Level 5 of the Dungeon
  6175 | D:5      | Found a white marble altar of Elyvilon.
  6307 | D:5      | Succumbed to a scorpion's poison

Illustrated notes

Levels and vault maps discovered:
D:1:      saegor_arrival_simple_a, layout_loops_corners,
          chequers_ecumenical_altar_island, serial_aquarium,
          aquarium_bridge_long_joined [aquarium_subvault_window,
          aquarium_subvault_wall, aquarium_subvault_bridge,
          aquarium_subvault_wall, aquarium_subvault_wall,
          aquarium_subvault_window], aquarium_bridge_square
          [aquarium_subvault_wall, aquarium_subvault_bridge,
          aquarium_subvault_window, aquarium_subvault_bridge],
          aquarium_window_corridor_3, aquarium_window_2, aquarium_window_fake,
          aquarium_window_fake, aquarium_view_2d, aquarium_pool_corner
D:2:      layout_rooms
D:3:      layout_basic
D:4:      minmay_inner_zag, layout_basic, kennysheep_orc_sif_temple,
          mainiacjoe_overflow_concentric_impassable
D:5:      layout_gridville, elyvilon_altar_1

Skill      XL: |  1  2  3  4  5  6 |
---------------+-------------------+-----
Long Blades    | 3 4 |  4.8
Dodging        | 1 |  1.9
Armour         | 4 |  4.6
Stealth        | 1 |  1.4
Fighting       | |  3.9
Shields        | |  3.7

Action                   |  1- 3 |  4- 6 |  7- 9 || total
-------------------------+-------+-------+-------++-------
Melee: Long sword        |    97 |   208 |    29 ||   334
  Use: Scroll            |     1 |     8 |       ||     9
       Potion            |     1 |     8 |       ||     9
 Stab: Invisible         |       |     4 |       ||     4
Armor: Scale mail        |    60 |   109 |    11 ||   180
       Skin              |       |     8 |       ||     8
Dodge: Dodged            |    77 |   105 |    22 ||   204
Block: Buckler           |    24 |    48 |     4 ||    76
